AoeStats
← b站江条

Arabia

508260237Analyzed
1v1 RM · 11d ago on Sep 21, 2026· 29m 0s· 2 players
Game mode
Random Map
Map size
Tiny (2 player)
Population
200
Speed
Normal
Resources
Standard
Victory
Conquest
Starting age
Dark Age
Ending age
Imperial Age
RankedLock teamsTeams togetherTeam positionsShared explorationLock speedFull tech treeHidden civsTurbo modeCheats
Victory
Defeat
🇲🇽 Celts · Mexico
1484
+15
🇨🇳 Maya · China
1472
-15
b站江条
0:25 Loom
9:03 Feudal Age
9:40 Double-Bit Axe
14:45 Horse Collar
16:06 Fletching
21:48 Castle Age
20:42 Padded Archer Armor
21:16 Gold Mining
21:50 Crossbowman
22:26 Bodkin Arrow
23:08 Bow Saw
Psi doc
6:40 Loom
9:18 Feudal Age
9:30 Man-at-Arms
9:57 Double-Bit Axe
16:26 Fletching
17:30 Padded Archer Armor
20:45 Town Watch
23:45 Castle Age
23:17 Gold Mining
24:26 Bodkin Arrow
23:52 Elite Skirmisher
24:03 Crossbowman
25:54 Leather Archer Armor
27:51 Bow Saw
Connection lost

Rejoining the realm…

Still unreachable

The connection could not be restored.

Session expired

The server has moved on; the page needs a fresh start.